3381 views
Uploaded 2020-04-26 08:45:24
Game version 1.32.3
32:21 long 1on1 custom game on (2)Amazonia
Game name "W3Champions-20-n2DcmByHEG"
Saved by Dziango
3381 views
Uploaded 2020-04-26 08:45:24
Game version 1.32.3
32:21 long 1on1 custom game on (2)Amazonia
Game name "W3Champions-20-n2DcmByHEG"
52 units @ 7.5k
/ 1k
18 buildings @ 2.9k
/ 0.9k


| Rod of Necromancy | 3 | 450 |
| Orb of Corruption | 1 | 375 |
| Potion of Healing | 4 | 600 |
| Scroll of Town Portal | 1 | 350 |
| Potion of Lesser Invulnerability | 8 | 1200 |
| total: | 17 | 2975g |
| Acolyte | 22 | 1650 | / | 0 |
| Ghoul | 6 | 720 | / | 0 |
| Crypt Fiend | 18 | 3870 | / | 720 |
| Obsidian Statue | 4 | 800 | / | 140 |
| Abomination | 2 | 480 | / | 140 |
| total: | 52 | 7520g | / | 1000w |
| Nerubian Tower | 2 | 200 | / | 40 |
| Spirit Tower | 1 | 145 | / | 40 |
| Ziggurat | 11 | 1650 | / | 550 |
| Altar of Darkness | 1 | 180 | / | 50 |
| Crypt | 1 | 200 | / | 50 |
| Tomb of Relics | 1 | 130 | / | 30 |
| Graveyard | 1 | 215 | / | 0 |
| Necropolis | 1 | 225 | / | 0 |
| Slaughterhouse | 2 | 280 | / | 270 |
| Halls of the Dead | 1 | 320 | / | 210 |
| Black Citadel | 1 | 325 | / | 230 |
| total: | 18 | 2880g | / | 950w |
| 0:01 | Acolyte |
| 0:03 | Ziggurat |
| 0:04 | Altar of Darkness |
| 0:10 | Acolyte |
| 0:32 | Crypt |
| 0:39 | Acolyte |
| 0:39 | Acolyte |
| 0:56 | Tomb of Relics |
| 1:14 | Graveyard |
| 1:34 | Ghoul |
| 1:38 | Ghoul |
| 2:04 | Rod of Necromancy |
| 2:07 | Death Coil |
| 2:43 | Halls of the Dead |
| 2:56 | Crypt Fiend |
| 3:08 | Ziggurat |
| 3:54 | Unholy Aura |
| 4:00 | Crypt Fiend |
| 4:08 | Crypt Fiend |
| 4:16 | Rod of Necromancy |
| 5:06 | Black Citadel |
| 5:08 | Death Coil |
| 5:32 | Slaughterhouse |
| 5:47 | Ziggurat |
| 6:00 | Rod of Necromancy |
| 6:18 | Frost Nova |
| 6:34 | Slaughterhouse |
| 6:56 | Ghoul |
| 7:05 | Ziggurat |
| 7:28 | Potion of Lesser Invulnerability |
| 7:36 | Obsidian Statue |
| 7:45 | Orb of Corruption |
| 7:48 | Burrow |
| 7:58 | Obsidian Statue |
| 8:17 | Dark Ritual |
| 8:23 | Ghoul Frenzy |
| 8:44 | Web |
| 8:45 | Acolyte |
| 9:08 | Unholy Aura |
| 9:38 | Abomination |
| 9:48 | Acolyte |
| 9:57 | Potion of Lesser Invulnerability |
| 10:04 | Crypt Fiend |
| 10:31 | Ziggurat |
| 10:42 | Crypt Fiend |
| 10:51 | Disease Cloud |
| 11:05 | Creature Attack |
| 11:12 | Ziggurat |
| 11:15 | Frost Nova |
| 11:34 | Destroyer Form |
| 11:38 | Acolyte |
| 12:06 | Crypt Fiend |
| 12:34 | Potion of Healing |
| 12:48 | Potion of Lesser Invulnerability |
| 12:55 | Crypt Fiend |
| 12:57 | Obsidian Statue |
| 13:20 | Crypt Fiend |
| 14:07 | Acolyte |
| 15:46 | Dark Ritual |
| 16:24 | Ziggurat |
| 16:40 | Death Coil |
| 16:48 | Death Coil |
| 17:35 | Ziggurat |
| 17:37 | Acolyte |
| 17:37 | Acolyte |
| 18:02 | Potion of Lesser Invulnerability |
| 18:19 | Nerubian Tower |
| 18:27 | Spirit Tower |
| 18:38 | Potion of Lesser Invulnerability |
| 18:51 | Potion of Healing |
| 18:56 | Abomination |
| 19:02 | Acolyte |
| 19:12 | Acolyte |
| 19:24 | Crypt Fiend |
| 19:43 | Crypt Fiend |
| 19:45 | Acolyte |
| 20:14 | Ziggurat |
| 20:19 | Crypt Fiend |
| 20:36 | Acolyte |
| 20:37 | Acolyte |
| 20:53 | Frost Nova |
| 21:01 | Crypt Fiend |
| 21:31 | Scroll of Town Portal |
| 21:54 | Potion of Healing |
| 21:56 | Potion of Healing |
| 22:10 | Potion of Lesser Invulnerability |
| 22:42 | Acolyte |
| 22:44 | Nerubian Tower |
| 22:46 | Crypt Fiend |
| 23:04 | Potion of Lesser Invulnerability |
| 23:20 | Ziggurat |
| 23:52 | Crypt Fiend |
| 23:52 | Crypt Fiend |
| 24:07 | Ghoul |
| 24:30 | Death Pact |
| 24:36 | Crypt Fiend |
| 24:58 | Crypt Fiend |
| 25:04 | Ghoul |
| 25:04 | Ghoul |
| 25:09 | Potion of Lesser Invulnerability |
| 25:14 | Ziggurat |
| 25:21 | Obsidian Statue |
| 26:22 | Acolyte |
| 26:22 | Acolyte |
| 26:40 | Necropolis |
| 27:02 | Death and Decay |
| 28:07 | Crypt Fiend |
| 29:40 | Acolyte |
| 29:48 | Acolyte |
| 30:21 | Acolyte |
| 31:06 | Acolyte |
45 units @ 8.6k
/ 1.8k
28 buildings @ 2.8k
/ 1.3k



x1)
| Lesser Clarity Potion | 13 | 910 |
| Potion of Healing | 4 | 600 |
| Scroll of Regeneration | 2 | 200 |
| Staff of Sanctuary | 2 | 500 |
| Orb of Fire | 2 | 650 |
| Potion of Mana | 1 | 200 |
| Scroll of Town Portal | 5 | 1750 |
| Scroll of Healing | 5 | 1250 |
| Potion of Lesser Invulnerability | 5 | 750 |
| Tome of Retraining | 1 | 300 |
| Potion of Invisibility | 2 | 200 |
| Staff of Teleportation | 1 | 150 |
| total: | 43 | 7460g |
| Peasant | 15 | 1125 | / | 0 |
| Rifleman | 9 | 1845 | / | 270 |
| Gryphon Rider | 11 | 3080 | / | 770 |
| Knight | 6 | 1470 | / | 360 |
| Goblin Zeppelin | 1 | 240 | / | 60 |
| Goblin Shredder | 1 | 375 | / | 100 |
| Goblin Sapper | 2 | 430 | / | 200 |
| total: | 45 | 8565g | / | 1760w |
| Scout Tower | 8 | 240 | / | 160 |
| Arcane Tower | 2 | 140 | / | 100 |
| Guard Tower | 6 | 420 | / | 300 |
| Altar of Kings | 1 | 180 | / | 50 |
| Blacksmith | 1 | 140 | / | 60 |
| Barracks | 1 | 160 | / | 60 |
| Farm | 9 | 720 | / | 180 |
| Arcane Vault | 3 | 390 | / | 90 |
| Lumber Mill | 1 | 120 | / | 0 |
| Town Hall | 1 | 385 | / | 205 |
| Gryphon Aviary | 3 | 420 | / | 450 |
| Keep | 1 | 320 | / | 210 |
| Castle | 1 | 360 | / | 210 |
| total: | 28 | 2755g | / | 1255w |
| 0:01 | Peasant |
| 0:03 | Peasant |
| 0:09 | Peasant |
| 0:22 | Peasant |
| 0:33 | Peasant |
| 0:47 | Altar of Kings |
| 0:50 | Blacksmith |
| 0:52 | Peasant |
| 1:02 | Barracks |
| 1:03 | Farm |
| 1:17 | Farm |
| 1:33 | Peasant |
| 1:47 | Farm |
| 1:51 | Peasant |
| 2:04 | Rifleman |
| 2:14 | Peasant |
| 2:17 | Scout Tower |
| 2:25 | Rifleman |
| 2:33 | Farm |
| 2:47 | Arcane Tower |
| 2:55 | Holy Light |
| 3:03 | Rifleman |
| 3:21 | Peasant |
| 3:32 | Peasant |
| 3:52 | Keep |
| 3:53 | Farm |
| 4:00 | Devotion Aura |
| 4:10 | Rifleman |
| 4:44 | Rifleman |
| 4:50 | Holy Light |
| 4:54 | Arcane Vault |
| 5:01 | Lumber Mill |
| 5:24 | Rifleman |
| 5:32 | Rifleman |
| 6:44 | Lesser Clarity Potion |
| 6:59 | Town Hall |
| 7:21 | Goblin Zeppelin |
| 7:34 | Siphon Mana |
| 7:53 | Scroll of Town Portal |
| 8:00 | Scout Tower |
| 8:03 | Scout Tower |
| 8:11 | Peasant |
| 8:16 | Scout Tower |
| 8:17 | Scout Tower |
| 8:20 | Peasant |
| 8:31 | Arcane Tower |
| 9:22 | Guard Tower |
| 9:23 | Guard Tower |
| 9:28 | Arcane Vault |
| 9:29 | Farm |
| 9:30 | Peasant |
| 9:44 | Guard Tower |
| 9:46 | Rifleman |
| 9:47 | Scroll of Town Portal |
| 9:50 | Black Gunpowder |
| 9:56 | Castle |
| 9:58 | Scout Tower |
| 10:03 | Scout Tower |
| 10:04 | Scout Tower |
| 10:07 | Lesser Clarity Potion |
| 10:15 | Lesser Clarity Potion |
| 10:21 | Long Rifles |
| 10:36 | Potion of Lesser Invulnerability |
| 10:36 | Scroll of Healing |
| 10:47 | Scroll of Healing |
| 10:54 | Guard Tower |
| 11:06 | Rifleman |
| 11:11 | Refined Gunpowder |
| 11:27 | Devotion Aura |
| 11:32 | Flame Strike |
| 11:38 | Guard Tower |
| 11:38 | Guard Tower |
| 11:53 | Potion of Healing |
| 12:57 | Peasant |
| 13:01 | Gryphon Aviary |
| 13:03 | Gryphon Aviary |
| 13:08 | Improved Lumber Harvesting |
| 13:12 | Goblin Shredder |
| 13:15 | Scroll of Regeneration |
| 13:16 | Lesser Clarity Potion |
| 13:23 | Staff of Sanctuary |
| 13:24 | Orb of Fire |
| 13:27 | Potion of Healing |
| 13:37 | Studded Leather Armor |
| 13:46 | Goblin Sapper |
| 14:08 | Animal War Training |
| 14:37 | Storm Bolt |
| 15:00 | Gryphon Rider |
| 15:01 | Arcane Vault |
| 15:03 | Gryphon Aviary |
| 15:08 | Storm Hammers |
| 15:13 | Iron Forged Swords |
| 15:15 | Sundering Blades |
| 15:23 | Lesser Clarity Potion |
| 15:23 | Lesser Clarity Potion |
| 15:25 | Scroll of Town Portal |
| 15:29 | Potion of Healing |
| 15:29 | Potion of Healing |
| 15:36 | Staff of Sanctuary |
| 15:37 | Orb of Fire |
| 15:47 | Potion of Lesser Invulnerability |
| 16:00 | Scroll of Healing |
| 17:00 | Siphon Mana |
| 18:19 | Gryphon Rider |
| 18:27 | Scroll of Regeneration |
| 18:27 | Lesser Clarity Potion |
| 18:40 | Gryphon Rider |
| 18:49 | Knight |
| 19:06 | Lesser Clarity Potion |
| 19:13 | Goblin Sapper |
| 19:22 | Farm |
| 19:54 | Scroll of Town Portal |
| 19:58 | Farm |
| 19:59 | Farm |
| 20:08 | Steel Forged Swords |
| 20:15 | Potion of Lesser Invulnerability |
| 20:15 | Scroll of Healing |
| 20:18 | Scroll of Healing |
| 20:37 | Tome of Retraining |
| 20:37 | Retrain Hero |
| 20:40 | Banish |
| 20:40 | Siphon Mana |
| 20:40 | Siphon Mana |
| 21:31 | Bash |
| 21:52 | Gryphon Rider |
| 22:02 | Potion of Mana |
| 22:02 | Lesser Clarity Potion |
| 22:53 | Knight |
| 22:53 | Gryphon Rider |
| 23:22 | Lesser Clarity Potion |
| 23:43 | Gryphon Rider |
| 24:05 | Scroll of Town Portal |
| 25:14 | Gryphon Rider |
| 25:26 | Lesser Clarity Potion |
| 26:11 | Holy Light |
| 26:42 | Gryphon Rider |
| 26:46 | Lesser Clarity Potion |
| 26:46 | Lesser Clarity Potion |
| 27:59 | Potion of Invisibility |
| 28:01 | Potion of Lesser Invulnerability |
| 28:01 | Staff of Teleportation |
| 28:59 | Gryphon Rider |
| 29:21 | Mithril Forged Swords |
| 30:04 | Gryphon Rider |
| 30:14 | Knight |
| 30:45 | Knight |
| 30:46 | Gryphon Rider |
| 31:03 | Knight |
| 31:03 | Knight |
| 31:41 | Potion of Invisibility |
| 31:44 | Potion of Lesser Invulnerability |